 Dungeon Crawl Stone Soup version 0.17-b1-25-g6d8775f (webtiles) character file.

4335 stefzke33 the Grappler (level 10, -19/96 HPs)
             Began as a Troll Monk on Nov 5, 2015.
             Was a High Priest of Okawaru.
             Blown up by Maurice (22 damage)
             ... with a wand of disintegration
             ... on level 8 of the Dungeon.
             The game lasted 00:34:24 (6390 turns).

stefzke33 the Grappler (Troll Monk)                 Turns: 6390, Time: 00:34:24

Health: -19/96     AC:  6    Str: 22      XL:     10   Next: 12%
Magic:  12/12      EV: 19    Int: 11 (13) God:    Okawaru [*****.]
Gold:   245        SH:  0    Dex: 17      Spells: 0 memorised, 9 levels left

rFire  . . .     SeeInvis .       - Unarmed
rCold  . . .     Clarity  .     a - +0 robe
rNeg   . . .     SustAt   .     (no shield)
rPois  +         Gourm    +     (helmet restricted)
rElec  .         Spirit   .     F - +0 cloak
rCorr  .         Warding  .     (gloves unavailable)
rMut   .         Stasis   .     (boots unavailable)
MR     .....                    (no amulet)
Stlth  ++........               G - ring of wizardry
                                y - ring of poison resistance

@: confused, brilliant, agile, drained, not resistant to hostile enchantments,
unstealthy
A: unfitting armour, claws 3, fast metabolism 3, gourmand, regeneration 2,
shaggy fur 1, tough skin 2
a: Heroism, Finesse, Renounce Religion


You were on level 8 of the Dungeon.
You worshipped Okawaru.
Okawaru was extremely pleased with you.
You were very full.

You visited 1 branch of the dungeon, and saw 8 of its levels.

You collected 399 gold pieces.
You spent 154 gold pieces at shops.

Inventory:

Hand Weapons
 x - a cursed -2 giant spiked club
Missiles
 c - 179 stones (quivered)
Armour
 a - a +0 robe (worn)
 r - a +0 shield
 F - a +0 cloak (worn)
 L - a +0 large shield
Jewellery
 y - a ring of poison resistance (left claw)
 G - a ring of wizardry (right claw)
Wands
 d - a wand of invisibility (3)
 A - a wand of lightning (10)
 C - a wand of flame (25)
Scrolls
 f - 5 scrolls of remove curse
 i - a scroll of random uselessness {unknown}
 j - a scroll of fog {unknown}
 k - a scroll of fear {unknown}
 l - 3 scrolls of identify
 m - 5 scrolls of enchant armour {unknown}
 n - a scroll of noise {unknown}
 s - a scroll of magic mapping {unknown}
 B - a scroll of recharging {unknown}
 K - a scroll of teleportation {unknown}
Potions
 e - a potion of might
 h - a potion of invisibility {unknown}
 o - a potion of magic
 p - a potion of flight {unknown}
 q - a potion of poison {unknown}
 u - 2 potions of resistance
 w - a potion of curing {unknown}
 E - a potion of haste {unknown}
 I - a potion of heal wounds {unknown}
 M - a potion of cancellation {unknown}
Comestibles
 b - 9 bread rations
 g - 10 fruits
 t - a slice of pizza
 D - a beef jerky
 H - 2 meat rations


   Skills:
 + Level 5.4(4.8) Fighting
 + Level 6.7(6.1) Dodging
 - Level 1.1(0.6) Stealth
 * Level 10.8(10.1) Unarmed Combat
 * Level 4.4(3.8) Invocations


You had 9 spell levels left.
You didn't know any spells.

Dungeon Overview and Level Annotations

Branches:
Dungeon (8/15)             Temple (0/1) D:4
   Lair: D:8-11

Altars:
Ashenzari
Dithmenos
Fedhas
Kikubaaqudgha
Nemelex Xobeh
Okawaru
Qazlal
Trog
Vehumet

Shops:
D:5 }   D:8 [

Annotations:
D:8 Erica, Maurice


Innate Abilities, Weirdness & Mutations

You are too large for most types of armour.
You have claws for hands.
Your metabolism is lightning-fast.
You like to eat raw meat.
You heal very quickly.
You are covered in fur (AC +1).
You have very tough skin (AC +2).


Message History

You're too confused!
You're too confused!
Drink which item? (? for menu, Esc to quit)
It was a potion of agility.
You feel agile all of a sudden. Something completely misses you.
Drink which item? (? for menu, Esc to quit)
It was a potion of degeneration.
There was something very wrong with that liquid.
You feel dopey. Something hits you!!
* * * LOW HITPOINT WARNING * * *
Something burns you.
* * * LOW HITPOINT WARNING * * *
Maurice shouts, "HAHA!"
Drink which item? (? for menu, Esc to quit)
It was a potion of brilliance.
You feel clever all of a sudden.
The crimson imp blinks!
Maurice zaps a wand.
You are blasted!
You die...

# ##.# #.().### #.#
#.))## #### ##.#
##...# #...# ##..#
##....# #...#
#..#####.....####...#
#..# #...###........#
#..# #..## ##.......#
#.##
#.#######ยง######
#.## #...@..@{## #..#
##........# #..#
#######..# #..# ##.#
#.## .# #.# .# #.# .#
#.## .. #..##


You could see Maurice.

Vanquished Creatures
  The ghost of George the Carver, a novice DsGl of Makhleb (D:8)
  Joseph (D:8)
  The ghost of DEFE the Ducker, an amateur OpFi (D:4)
  A spriggan (D:7)
  A hungry ghost (D:7)
  An ice beast (D:7)
  2 phantoms
  5 ogres
  3 centaurs
  An orc warrior (D:6)
  3 giant frogs
  2 wyvern skeletons
  2 scorpions
  4 wights (D:8)
  3 crimson imps
  A giant frog zombie (D:6)
  2 centaur zombies
  A giant frog skeleton (D:4)
  5 orc priests
  8 orc wizards
  An iguana (D:7)
  Ijyb (D:2)
  A hound (D:6)
  A centaur skeleton (D:6)
  9 worker ants
  3 killer bee zombies
  A hound zombie (D:6)
  A worker ant zombie (D:5)
  Robin (D:2)
  8 gnolls
  12 adders
  5 shadow imps
  An ooze (D:6)
  2 adder zombies
  4 giant geckos
  28 orcs
  2 ball pythons
  11 hobgoblins
  14 jackals
  3 kobolds
  4 quokkas
  7 bats
  4 giant cockroaches
  A giant gecko skeleton (D:7)
  2 giant newts
  17 goblins
  A quokka skeleton (D:8)
  4 rats
  2 plants (D:1)
199 creatures vanquished.

Notes
Turn   | Place    | Note
--------------------------------------------------------------
     0 | D:1      | stefzke33 the Troll Monk began the quest for the Orb.
     0 | D:1      | Reached XP level 1. HP: 22/22 MP: 0/0
   204 | D:1      | Reached XP level 2. HP: 29/29 MP: 1/1
   874 | D:2      | Reached XP level 3. HP: 36/36 MP: 2/2
   918 | D:2      | Noticed Robin
   953 | D:2      | Killed Robin
  1107 | D:2      | Noticed Ijyb
  1114 | D:2      | Killed Ijyb
  1114 | D:2      | Reached skill level 5 in Unarmed Combat
  1114 | D:2      | Reached XP level 4. HP: 37/44 MP: 3/3
  1186 | D:2      | Found a shadowy altar of Dithmenos.
  1769 | D:3      | Found an iron altar of Okawaru.
  1788 | D:3      | Reached XP level 5. HP: 37/52 MP: 4/4
  1910 | D:3      | Became a worshipper of Warmaster Okawaru
  1910 | D:3      | Reached * piety under Okawaru
  1910 | D:3      | Reached ** piety under Okawaru
  1968 | D:3      | Reached skill level 6 in Unarmed Combat
  2335 | D:3      | Found a faded altar to an unknown god.
  2400 | D:3      | Reached XP level 6. HP: 61/61 MP: 5/5
  2694 | D:4      | Reached skill level 1 in Invocations
  2786 | D:4      | Noticed DEFE's ghost (amateur OpFi)
  2799 | D:4      | Killed DEFE's ghost
  2799 | D:4      | Reached XP level 7. HP: 62/67 MP: 3/7
  2820 | D:4      | Found a staircase to the Ecumenical Temple.
  2968 | D:4      | Found a stormy altar of Qazlal.
  2997 | D:4      | Reached skill level 7 in Unarmed Combat
  3098 | D:4      | Reached *** piety under Okawaru
  3147 | D:5      | Entered Level 5 of the Dungeon
  3202 | D:5      | Found a bloodstained altar of Trog.
  3368 | D:5      | Reached XP level 8. HP: 40/76 MP: 5/8
  3371 | D:5      | Found a radiant altar of Vehumet.
  3454 | D:5      | Reached skill level 5 in Dodging
  3479 | D:5      | Reached skill level 8 in Unarmed Combat
  3483 | D:5      | Found a blossoming altar of Fedhas.
  3483 | D:5      | Found an ancient bone altar of Kikubaaqudgha.
  3611 | D:5      | Found Yfyxoxe's Gadget Shop.
  3616 | D:5      | Bought a wand of lightning (10) for 154 gold pieces
  3723 | D:5      | Found a shattered altar of Ashenzari.
  4172 | D:6      | Reached **** piety under Okawaru
  4749 | D:7      | Reached skill level 9 in Unarmed Combat
  4860 | D:6      | Reached XP level 9. HP: 69/85 MP: 10/10
  5706 | D:8      | Reached skill level 10 in Unarmed Combat
  5807 | D:8      | Reached skill level 5 in Fighting
  6014 | D:8      | Noticed Joseph
  6028 | D:8      | Killed Joseph
  6033 | D:8      | Reached ***** piety under Okawaru
  6036 | D:8      | Noticed George's ghost (novice DsGl)
  6045 | D:8      | Killed George's ghost
  6045 | D:8      | Reached XP level 10. HP: 26/96 MP: 10/12
  6187 | D:8      | Found Zojum's Armour Boutique.
  6189 | D:8      | Found a sparkling altar of Nemelex Xobeh.
  6375 | D:8      | Noticed Maurice
  6375 | D:8      | Noticed Erica
  6389 | D:8      | HP: 2/96 [something (5)]
  6390 | D:8      | Blown up by Maurice

Action                   |  1- 3 |  4- 6 |  7- 9 | 10-12 || total
-------------------------+-------+-------+-------+-------++-------
Melee: Unarmed           |   130 |   113 |   398 |    20 ||   661
Invok: Heroism           |       |     1 |     2 |       ||     3
  Use: Scroll            |       |       |     4 |       ||     4
       Potion            |       |       |       |     3 ||     3
 Stab: Sleeping          |       |     6 |     2 |       ||     8
       Distracted        |       |       |     1 |       ||     1
  Eat: Chunk             |    16 |    15 |    35 |     1 ||    67
